Map: Turbo Cruise '84 LE

Players

Mez - Winner!

  • Race: Terran Terran
  • League: Diamond
  • Spawn Location: 7:00

easyyy

  • Race: Zerg Zerg
  • League: Diamond
  • Spawn Location: 3:00

VOD

Have the link to the VOD?

Description

Time

  • Played on: July 27, 2019, 10:53 p.m.
  • Length: 8:34
Show
View Real Time Build Order
Export as new Build Order

Mez Terran - Winner!

Build Orders: Reaper Expand 

Get SALT Encoding   

  12  0:01  SCV  
  13  0:13  SCV  
  14  0:17  Supply Depot  
  14  0:25  SCV  
  15  0:40  SCV  
  16  0:43  Barracks  
  16  0:47  Refinery  
  16  0:52  SCV  
  17  1:04  SCV  
  18  1:16  SCV  
  19  1:30  Reaper, Orbital Command  
  20  1:42  Command Center  
  20  1:52  Barracks  
  20  1:57  SCV  
  21  2:02  Barracks Reactor  
  21  2:10  Barracks  
  21  2:13  SCV  
  22  2:19  Supply Depot  
  22  2:25  SCV  
  23  2:46  Marine x2  
  23  2:47  Barracks Tech Lab  
  23  2:48  SCV  
  26  2:54  Orbital Command  
  26  2:55  Engineering Bay  
  26  3:00  Marine  
  26  3:01  SCV  
  28  3:06  Combat Shield  
  28  3:08  Marine x2  
  30  3:12  Marine  
  30  3:13  SCV  
  32  3:20  SCV  
  32  3:24  Barracks Reactor  
  32  3:25  SCV  
  34  3:29  Terran Infantry Weapons Level 1  
  34  3:30  Marine x2  
  34  3:31  Marine  
  37  3:47  Supply Depot x2  
  37  3:53  Marine x3  
  37  3:54  SCV x2  
  42  4:02  Marine x2  
  44  4:06  SCV x2  
  46  4:11  Marine, Supply Depot  
  46  4:12  Supply Depot  
  47  4:21  Marine x2  
  47  4:22  Marine x2  
  47  4:24  SCV x2  
  53  4:39  Stimpack  
  53  4:40  SCV x2  
  53  4:41  Marine x2  
  53  4:42  Marine x3  
  53  4:44  Command Center  
  60  4:46  Factory  
  60  4:53  Supply Depot  
  60  4:56  SCV x2  
  60  4:57  Refinery x2  
  62  5:08  SCV x2  
  62  5:13  Marine x4  
  62  5:14  Marine  
  68  5:20  SCV x2  
  65  5:31  Terran Infantry Armor Level 1, Marine  
  65  5:32  SCV x2  
  63  5:38  Marine x4  
  62  5:46  Starport, Factory Reactor  
  62  5:47  Barracks  
  62  5:49  Barracks  
  62  5:54  Supply Depot  
  62  5:58  Orbital Command  
  62  5:59  Marine x3  
  62  6:00  Marine x2  
  67  6:07  SCV x2  
  69  6:14  Orbital Command  
  69  6:17  Marine x3  
  72  6:19  SCV, Marine x2  
  72  6:22  SCV  
  72  6:24  Supply Depot  
  76  6:31  SCV  
  77  6:33  Medivac x2  
  77  6:35  Marine x3  
  77  6:36  Barracks Reactor  
  77  6:37  Barracks Reactor  
  84  6:40  SCV x2  
  84  6:43  SCV  
  84  6:46  Supply Depot  
  87  6:48  Marine x2  
  87  6:53  Marine  
  87  6:54  SCV x2, Marine, Supply Depot  
  92  6:55  Marine  
  92  6:56  SCV  
  95  7:04  Command Center  
  95  7:05  Medivac x2  
  95  7:06  SCV x2, Marine  
  102  7:10  Marine x2  
  102  7:11  SCV  
  102  7:12  Marine  
  106  7:18  SCV  
  106  7:20  Supply Depot x2  
  107  7:29  Marine x8  
  115  7:30  Marine  
  109  7:43  Barracks  
  109  7:45  Armory, Barracks x2  
  109  7:46  Marine  
  109  7:47  Engineering Bay, Marine x6  
  109  7:48  Marine x2  
  109  7:51  SCV x2  
  120  8:04  Marine  
  120  8:05  Marine  
  121  8:13  Marine  
  121  8:14  Marine x6  
Show
View Real Time Build Order
Export as new Build Order

easyyy Zerg 

Build Orders: Hatch First 

Get SALT Encoding   

  12  0:01  Drone  
  13  0:09  Drone  
  14  0:17  Overlord  
  14  0:23  Drone, Extractor  
  16  0:35  Drone  
  16  0:37  Drone  
  17  0:52  Hatchery  
  17  0:55  Drone  
  17  1:11  Spawning Pool  
  16  1:12  Drone  
  16  1:17  Drone  
  18  1:19  Drone  
  19  1:27  Drone  
  19  1:31  Extractor  
  19  1:39  Drone  
  20  1:48  Drone  
  21  2:03  Queen x2  
  21  2:05  Zergling x2  
  26  2:12  Overlord  
  26  2:17  Drone x2  
  28  2:32  Overlord  
  28  2:37  Spore Crawler  
  27  2:47  Drone  
  27  2:48  Drone x4  
  32  2:55  Metabolic Boost  
  32  3:07  Hatchery  
  32  3:12  Drone  
  32  3:13  Drone x3  
  34  3:29  Drone x3  
  34  3:30  Drone x4  
  34  3:32  Lair  
  41  3:36  Extractor  
  40  3:48  Extractor  
  39  3:49  Extractor  
  37  3:56  Drone  
  37  3:57  Drone x6  
  37  4:02  Overlord x2  
  44  4:36  Spire  
  43  4:38  Evolution Chamber, Drone  
  43  4:39  Evolution Chamber, Drone x5  
  43  4:45  Baneling Nest  
  46  4:46  Drone  
  46  4:47  Drone x7, Queen  
  56  4:56  Overlord  
  56  5:06  Zergling x2  
  53  5:09  Zergling x2  
  53  5:10  Zergling x14  
  49  5:27  Drone x2  
  28  5:38  Drone  
  26  6:12  Zergling x2  
  26  6:13  Zergling x10  
  26  6:14  Drone x4  
  36  6:26  Drone  
  36  6:27  Drone x7  
  36  6:31  Zerg Melee Weapons Level 1  
  44  6:33  Baneling  
  44  6:34  Baneling  
  44  6:35  Baneling  
  44  6:45  Baneling  
  44  6:46  Baneling x2  
  44  6:55  Drone x4  
  44  6:56  Zergling x8  
  44  6:57  Zergling x2  
  53  7:02  Baneling x6  
  53  7:12  Drone  
  53  7:13  Drone x6  
  60  7:27  Zergling x2  
  60  7:28  Zergling x14  
  42  7:39  Zergling x6  
  45  7:44  Zergling x6  
  45  7:47  Baneling x4  
  45  7:48  Baneling  
  45  7:49  Zergling x2  
  41  8:05  Zergling x2  
  41  8:06  Zergling x4  
  41  8:09  Baneling x2  
  39  8:15  Zergling x2  
  39  8:16  Zergling x12  
Tags
 
Add a new tag
Caveats
  • Supply blocks, unpowered buildings, or Contaminate may cause inaccurate times.
  • Supply counts are checked every 10 seconds.